 Dungeon Crawl Stone Soup version 0.27.1-16-g815e20cd7a (webtiles) character file.

Game seed: 5359617352849139831

4106 MisterFreud the Cruncher (level 10, -15/83 HPs)
             Began as a Minotaur Abyssal Knight on Nov 22, 2021.
             Was a Priest of Lugonu.
             Demolished by a wyvern (20 damage)
             ... on level 8 of the Dungeon.
             The game lasted 00:09:16 (8299 turns).

MisterFreud the Cruncher (Minotaur Abyssal Knight)  Turns: 8299, Time: 00:09:16

Health: -15/83     AC: 12    Str: 19    XL:     10   Next: 6%
Magic:  13/13      EV:  8    Int: 15    God:    Lugonu [***...]
Gold:   117        SH:  5    Dex: 11    Spells: 9/9 levels left

rFire    . . .     SeeInvis .   q - +3 quarterstaff (chaos)
rCold    . . .     Faith    .   (shield currently unavailable)
rNeg     . . .     Spirit   .   e - +0 chain mail
rPois    .         Reflect  +   (helmet restricted)
rElec    .         Harm     .   r - +0 cloak
rCorr    .         Rampage  .   w - +0 pair of gloves
Will     .....                  (no boots)
Stlth    ..........             F - amulet of reflection
HPRegen  0.23/turn              I - +6 ring of intelligence
MPRegen  0.13/turn              (no ring)

@: no status effects
A: horns 2, retaliatory headbutt
a: Renounce Religion, Depart the Abyss, Bend Space, Banish


You were on level 8 of the Dungeon.
You worshipped Lugonu.
Lugonu was most pleased with you.
You visited 1 branch of the dungeon, and saw 8 of its levels.
You visited the Abyss 1 time.

You collected 358 gold pieces.
You spent 241 gold pieces at shops.

Inventory:

Hand Weapons
 a - a +1 falchion
 q - a +3 quarterstaff of chaos (weapon)
 t - a +0 broad axe
Missiles
 y - 7 boomerangs
 A - 38 poisoned darts (quivered)
Armour
 e - a +0 chain mail (worn)
 r - a +0 cloak (worn)
 w - a +0 pair of gloves (worn)
Jewellery
 x - a ring of fire
 F - an amulet of reflection (around neck)
 I - a +6 ring of intelligence (left hand)
Wands
 c - a wand of digging (7)
 o - a wand of flame (32)
 B - a wand of charming (5)
Scrolls
 h - a scroll of enchant armour {unknown}
 j - 2 scrolls of teleportation
 m - 2 scrolls of amnesia
 z - a scroll of torment
 C - a scroll of fear
 D - 2 scrolls of blinking
 E - a scroll of fog
 H - a scroll of immolation {unknown}
Potions
 b - a potion of haste
 d - a potion of resistance {unknown}
 f - a potion of flight {unknown}
 g - 2 potions of brilliance
 i - 6 potions of curing
 k - a potion of heal wounds {unknown}
 l - a potion of berserk rage {unknown}
 n - 2 potions of cancellation
 p - a potion of invisibility {unknown}
 s - 3 potions of lignification
 u - 4 potions of mutation
 v - a potion of attraction {unknown}
 G - a potion of degeneration {unknown}


   Skills:
 - Level 6.0 Fighting
 - Level 2.4 Long Blades
 + Level 13.6 Staves
 - Level 6.0 Armour
 - Level 1.1 Dodging
 - Level 6.0 Invocations


You had 9 spell levels left.
You didn't know any spells.
Your spell library contained the following spells:

 Spells                   Type           Power      Damage    Failure   Level
 Animate Skeleton         Necr           0%         N/A       95%         1
 Apportation              Tloc           0%         N/A       95%         1
 Corona                   Hex            0%         N/A       95%         1
 Summon Small Mammal      Summ           0%         N/A       95%         1
 Ensorcelled Hibernation  Hex/Ice        0%         N/A       99%         2
 Static Discharge         Conj/Air       0%         N/A       99%         2
 Gell's Gravitas          Tloc           0%         N/A       100%        3
 Lesser Beckoning         Tloc           0%         N/A       100%        3
 Teleport Other           Tloc           0%         N/A       100%        3
 Tukima's Dance           Hex            0%         N/A       100%        3
 Passage of Golubria      Tloc           N/A        N/A       100%        4
 Lightning Bolt           Conj/Air       0%         1d11      100%        5
 Yara's Violent Unravell  Hex/Tmut       0%         3d3       100%        5
 Maxwell's Capacitive Co  Air            0%         ∞         100%        8


Dungeon Overview and Level Annotations

Branches:
Dungeon (8/15)             Temple (0/1) D:7
   Lair: D:8-11

Altars:
Cheibriados
Hepliaklqana
Kikubaaqudgha
Nemelex Xobeh
Wu Jian
Xom

Shops:
D:6 ?


Innate Abilities, Weirdness & Mutations

You have a pair of horns on your head.
You reflexively headbutt those who attack you in melee.


Message History

You open the door.
There is an open door here.
A wyvern and a killer bee come into view.
The wyvern hisses angrily.
There are monsters nearby!
There are monsters nearby!
You sock the wyvern!
The wyvern goes berserk!
The wyvern is heavily wounded.
The wyvern bites you!
You closely miss the wyvern.
The wyvern is heavily wounded.
The wyvern bites you!
You sock the wyvern! You freeze the wyvern.
The wyvern is severely wounded.
The wyvern bites you! The wyvern bites you.
You are too injured to fight recklessly!
You are too injured to fight recklessly!
You are too injured to fight recklessly!
Unknown command.
You are too injured to fight recklessly!
Unknown command.
You are too injured to fight recklessly!
You hit the wyvern but do no damage.
The wyvern is severely wounded.
The wyvern bites you!
* * * LOW HITPOINT WARNING * * *
You closely miss the wyvern. You headbutt the wyvern.
The wyvern is almost dead.
The wyvern bites you but does no damage.
You closely miss the wyvern.
The wyvern is almost dead.
The wyvern bites you but does no damage.
The wyvern bites you!
* * * LOW HITPOINT WARNING * * *
Unknown command.
Okay, then.
You barely miss the wyvern.
The wyvern is almost dead.
The wyvern bites you!!
You die...

#.##.#.#...............#
#.##.#.#...............#
#.##.#.#...######.######
##.##.#.#...######.#
#.....#.#...'......#
#######.#...########
#<......##.##
##########.# #@# #l# .y#
...# ...## .... #...#
#...


You could see a wyvern (berserk) and a killer bee.

Vanquished Creatures
  A hydra (D:8)
  Grinder (D:4)
  7 yaks (D:8)
  Sigmund (D:4)
  A wyvern (D:7)
  An ice beast (D:7)
  An orc warrior (D:6)
  A black bear (D:8)
  A hornet zombie (D:7)
  2 necrophages
  A centaur (D:5)
  2 ogres (D:6)
  A bullfrog (D:8)
  A kobold brigand (D:8)
  A water moccasin zombie (D:7)
  3 scorpions
  2 killer bees (D:8)
  A howler monkey (D:5)
  A hound (D:5)
  2 centaur zombies (D:8)
  A bullfrog skeleton (D:6)
  A bullfrog zombie (D:5)
  A gnoll shaman (D:6)
  2 orc priests
  Crazy Yiuf (D:2)
  An iguana (D:7)
  Natasha (thrice) (D:2)
  An orc wizard (D:5)
  A howler monkey zombie (D:8)
  5 adders
  8 gnolls
  2 white imps
  2 worms (D:2)
  A dart slug (D:4)
  19 orcs
  3 bats
  3 endoplasms
  2 giant cockroaches
  4 goblins
  6 hobgoblins
  18 kobolds
  A quokka (D:2)
  6 ball pythons
  2 frilled lizards
  5 rats
131 creatures vanquished.

Notes
Turn   | Place    | Note
-------+----------+-------------------------------------------
     0 | Abyss:1  | MisterFreud the Minotaur Abyssal Knight began the quest for
                  | the Orb.
     0 | Abyss:1  | Reached XP level 1. HP: 19/19 MP: 1/1
    34 | Abyss:1  | Noticed a sixfirhy
    52 | Abyss:1  | Noticed a neqoxec
    54 | D:1      | Escaped the Abyss
   397 | D:1      | Reached * piety under Lugonu
   453 | D:1      | Reached XP level 2. HP: 24/28 MP: 2/2
   499 | D:1      | Found a faded altar of an unknown god.
  1204 | D:2      | Reached XP level 3. HP: 35/35 MP: 3/3
  1265 | D:2      | Noticed Natasha
  1274 | D:2      | Killed Natasha
  1275 | D:2      | Reached skill level 5 in Fighting
  1332 | D:2      | Noticed Natasha
  1338 | D:2      | Killed Natasha
  1339 | D:2      | Reached XP level 4. HP: 31/42 MP: 4/4
  1470 | D:2      | Found a runed translucent door.
  1471 | D:2      | Noticed Crazy Yiuf
  1527 | D:2      | Noticed Natasha
  1538 | D:2      | Killed Natasha
  1967 | D:2      | Killed Crazy Yiuf
  1968 | D:2      | Reached XP level 5. HP: 50/50 MP: 5/5
  2390 | D:3      | Reached ** piety under Lugonu
  2810 | D:3      | Reached skill level 5 in Armour
  3230 | D:4      | Noticed Sigmund
  3246 | D:4      | Killed Sigmund
  3247 | D:4      | Reached skill level 2 in Staves
  3247 | D:4      | Reached XP level 6. HP: 36/57 MP: 6/6
  3374 | D:4      | Found a snail-covered altar of Cheibriados.
  3374 | D:4      | Found an ancient bone altar of Kikubaaqudgha.
  3410 | D:4      | Noticed Grinder
  3423 | D:4      | Killed Grinder
  3424 | D:4      | Reached skill level 5 in Staves
  3424 | D:4      | Reached XP level 7. HP: 36/63 MP: 7/7
  4185 | D:5      | Entered Level 5 of the Dungeon
  4291 | D:5      | Reached skill level 6 in Staves
  4425 | D:5      | Reached skill level 7 in Staves
  4668 | D:5      | Found an opulent altar of Gozag.
  4671 | D:5      | Reached skill level 8 in Staves
  4675 | D:5      | Found a sparkling altar of Nemelex Xobeh.
  4675 | D:5      | Found a shimmering altar of Xom.
  4677 | D:5      | Found a shimmering altar of Xom.
  4677 | D:5      | Found a hazy altar of Hepliaklqana.
  4677 | D:5      | Found a hazy altar of Hepliaklqana.
  4819 | D:5      | Reached XP level 8. HP: 62/70 MP: 8/8
  5268 | D:6      | Reached skill level 9 in Staves
  5331 | D:6      | Found a sparkling altar of Nemelex Xobeh.
  5387 | D:7      | Reached skill level 10 in Staves
  5696 | D:6      | Found Halus's Magic Scroll Boutique.
  5885 | D:6      | Bought a scroll of fear for 38 gold pieces
  5885 | D:6      | Bought a scroll of teleportation for 33 gold pieces
  5885 | D:6      | Bought a scroll of blinking for 82 gold pieces
  5885 | D:6      | Bought a scroll of fog for 22 gold pieces
  5885 | D:6      | Bought a scroll of identify for 22 gold pieces
  5885 | D:6      | Bought a scroll of identify for 22 gold pieces
  5885 | D:6      | Bought a scroll of identify for 22 gold pieces
  6085 | D:6      | Reached *** piety under Lugonu
  6227 | D:7      | Found a staircase to the Ecumenical Temple.
  6369 | D:7      | Reached skill level 5 in Invocations
  6797 | D:7      | Reached XP level 9. HP: 66/75 MP: 12/12
  6870 | D:7      | Found an ornate altar of the Wu Jian Council.
  7155 | D:8      | Reached skill level 11 in Staves
  7940 | D:8      | Reached skill level 12 in Staves
  8024 | D:8      | Noticed an eight-headed hydra
  8033 | D:8      | Killed an eight-headed hydra
  8034 | D:8      | Reached skill level 13 in Staves
  8034 | D:8      | Reached XP level 10. HP: 57/83 MP: 13/13
  8298 | D:8      | HP: 4/83 [wyvern (14)]
  8299 | D:8      | Demolished by a wyvern

Illustrated notes

Levels and vault maps discovered:
D:1:      moated_graveyard_arrival, layout_loops_ring,
          chequers_ecumenical_altar_simple, grunt_decor_fettered
D:2:      layout_rooms, hangedman_decor_clover_reticule, uniq_natasha,
          uniq_crazy_yiuf_cottage
D:3:      layout_basic
D:4:      layout_gridville, mainiacjoe_overflow_large_starburst, uniq_grinder,
          uniq_sigmund
D:5:      layout_basic, doesnt_xom_only_xom, chequers_serial_rivers_room_b
D:6:      layout_basic, lemuel_coloured_pillars_altar, serial_shops, shop
D:7:      layout_loops_ring, kennysheep_mini_moat, temple_doors_e,
          chequers_serial_rivers_room_b
D:8:      layout_basic, grunt_decor_resistance

Skill      XL: |  1  2  3  4  5  6  7  8  9 |
---------------+----------------------------+-----
Fighting       | 4 5 6 |  6.0
Armour         | 3 4 6 |  6.0
Staves         | 2 5 8 10 13 | 13.6
Invocations    | 5 6 |  6.0
Long Blades    | |  2.4
Dodging        | |  1.1

Action                   |  1- 3 |  4- 6 |  7- 9 | 10-12 || total
-------------------------+-------+-------+-------+-------++-------
Melee: Falchion          |    77 |    80 |       |       ||   157
       Headbutt          |    13 |    19 |    43 |     2 ||    77
       Quarterstaff      |       |     9 |   206 |    19 ||   234
Throw: Dart              |       |       |     3 |       ||     3
Invok: Depart the Abyss  |     1 |       |       |       ||     1
Evoke: Wand              |       |     6 |     5 |       ||    11
  Use: Scroll            |       |       |    12 |       ||    12
 Stab: Confused          |       |       |     1 |       ||     1
Armor: Leather armour    |     7 |       |       |       ||     7
       Chain mail        |    33 |    61 |    84 |    11 ||   189
Dodge: Dodged            |    39 |    39 |    58 |     4 ||   140
Block: Other             |       |       |    17 |     5 ||    22
       Reflection        |       |       |     2 |       ||     2
       Rpst.: Falchion   |     4 |     9 |       |       ||    13
